 Dungeon Sprint DCSS version 0.17-a0-1650-gce8475a (webtiles) character file.

1215 LilCorpsy the Impaler (level 8, -4/106 HPs)
             Began as a Merfolk Gladiator on Aug 13, 2015.
             Was an Initiate of Jiyva.
             Slain by a demonic crawler (9 damage)
             ... in the Dungeon (Sprint I: "Red Sonja").
             The game lasted 00:02:57 (627 turns).

LilCorpsy the Impaler (Merfolk Gladiator)            Turns: 627, Time: 00:02:57

Health: -4/106     AC:  3    Str: 20    XL:     8   Next: 46%
Magic:  8/8        EV: 23    Int:  8    God:    Jiyva [......]
Gold:   270        SH:  0    Dex: 16    Spells: 0 memorised, 7 levels left

rFire  . . .     SeeInvis .     m - +0 scythe
rCold  . . .     Clarity  .     n - +0 robe
rNeg   . . .     SustAt   .     (no shield)
rPois  .         Gourm    .     c - +0 helmet
rElec  .         Spirit   .     (no cloak)
rCorr  .         Warding  .     (no gloves)
rMut   .         NoTele   +     (no boots)
MR     .....                    (no amulet)
Stlth  ..........               (no ring)
                                (no ring)

@: berserking, very slightly contaminated, hasted, very quick, not resistant to
hostile enchantments, extremely unstealthy
A: change form in water, swift swim
a: Renounce Religion


You were in the Dungeon.
You worshipped Jiyva.
Jiyva was noncommittal.
You were not hungry.

You visited 1 branch You collected 270 gold pieces.

Inventory:

Hand weapons
 m - a +0 scythe (weapon)
Armour
 a - a +0 cloak
 c - a +0 helmet (worn)
 n - a +0 robe (worn)
Scrolls
 k - a scroll of blinking
Potions
 f - a potion of curing
 i - 2 potions of magic
Comestibles
 e - a bread ration


   Skills:
 + Level 9.2 Fighting
 * Level 15.8 Polearms
 - Level 2.0 Throwing
 * Level 14.7 Dodging


You had 7 spell levels left.
You didn't know any spells.

Dungeon Overview and Level Annotations

Branches:
Dungeon (1/1)

Altars:
Cheibriados
Dithmenos
Fedhas
Sif Muna
Vehumet
Jiyva


Message History

Your Fighting skill increases to level 9!
The jelly looks stronger.
You slice the demonic crawler!!
The demonic crawler is moderately wounded.
The jelly hits the demonic crawler but does no damage.
The demonic crawler barely misses you. The demonic crawler misses you.
The demonic crawler hits you!
* * * LOW HITPOINT WARNING * * *
The demonic crawler gives a hideous shriek!
You barely miss the demonic crawler.
The demonic crawler is moderately wounded.
The jelly hits the demonic crawler but does no damage.
The demonic crawler completely misses you.
The demonic crawler hits you!
* * * LOW HITPOINT WARNING * * *
The demonic crawler completely misses you.
You slice the demonic crawler!!
The demonic crawler is severely wounded.
The demonic crawler closely misses you. The demonic crawler hits you!
You die...

######################
..').#..'..#__#.Js...#
..#..'[.#..'....@#.ยง.#
####'#####'#__####..s'ss#
#..# #[#### ####s.+ ####
##.# ## #..+ +..._#
#_.#+# ##+


You could see a demonic crawler and a neutral jelly (fellow slime).

Vanquished Creatures
  A kobold demonologist (D)
  A slime creature (D)
  Sigmund (D)
  An ogre (D)
  A jelly (D)
  Ijyb (D)
6 creatures vanquished.

Vanquished Creatures (others)
  A gargoyle (D)
  A kobold demonologist (D)
  A demonic crawler (D)
  A giant eyeball (D)
4 creatures vanquished.

Grand Total: 10 creatures vanquished

Notes
Turn   | Place    | Note
--------------------------------------------------------------
     0 | D        | LilCorpsy the Merfolk Gladiator began the quest for the Orb.
     0 | D        | Reached XP level 1. HP: 16/16 MP: 1/1
     1 | D        | Noticed Ijyb
    38 | D        | Killed Ijyb
    38 | D        | Reached skill level 6 in Polearms
    38 | D        | Reached XP level 2. HP: 13/24 MP: 2/2
    38 | D        | Reached XP level 3. HP: 15/29 MP: 3/3
   196 | D        | Noticed an ogre
   204 | D        | Killed an ogre
   204 | D        | Reached skill level 5 in Fighting
   204 | D        | Reached skill level 9 in Polearms
   204 | D        | Reached XP level 4. HP: 17/39 MP: 4/4
   204 | D        | Reached XP level 5. HP: 19/44 MP: 5/5
   384 | D        | Noticed Sigmund
   391 | D        | Killed Sigmund
   391 | D        | Reached skill level 11 in Polearms
   391 | D        | Reached skill level 10 in Dodging
   391 | D        | Reached XP level 6. HP: 49/53 MP: 6/6
   427 | D        | Found a deep blue altar of Sif Muna.
   429 | D        | Noticed a jelly
   430 | D        | Found a radiant altar of Vehumet.
   436 | D        | Killed a jelly
   436 | D        | Reached skill level 12 in Polearms
   470 | D        | Found a viscous altar of Jiyva.
   470 | D        | Found a blossoming altar of Fedhas.
   470 | D        | Noticed a slime creature
   471 | D        | Found a snail-covered altar of Cheibriados.
   471 | D        | Found a shadowy altar of Dithmenos.
   482 | D        | Killed a slime creature
   482 | D        | Reached skill level 13 in Polearms
   482 | D        | Reached XP level 7. HP: 39/60 MP: 7/7
   562 | D        | Killed a gargoyle
   586 | D        | Became a worshipper of Jiyva Jemn the Shapeless
   597 | D        | Noticed a kobold demonologist
   600 | D        | Noticed a kobold demonologist
   605 | D        | Noticed a demonic crawler
   605 | D        | Noticed a demonic crawler
   605 | D        | Noticed a demonic crawler
   605 | D        | Noticed a demonic crawler
   609 | D        | Killed a kobold demonologist
   609 | D        | Reached skill level 14 in Polearms
   612 | D        | Noticed a red devil
   614 | D        | Killed a kobold demonologist
   614 | D        | Reached skill level 15 in Polearms
   614 | D        | Reached XP level 8. HP: 45/70 MP: 8/8
   624 | D        | Killed a demonic crawler
   626 | D        | HP: 5/106 [demonic crawler (7)]
   627 | D        | Slain by a demonic crawler

Vault maps used:
D:        dungeon_sprint_1

Action                   |  1- 3 |  4- 6 |  7- 9 || total
-------------------------+-------+-------+-------++-------
Melee: Trident           |    43 |     5 |       ||    48
       Scythe            |       |    13 |    23 ||    36
Throw: Throwing net      |     2 |     2 |     1 ||     5
  Use: Potion            |       |       |     4 ||     4
 Stab: Held in net/web   |       |     2 |       ||     2
       Sleeping          |       |     1 |       ||     1
